Map: Pillars of Gold LE

Players

MarcoMan

  • Race: Protoss Protoss
  • League: Master
  • Spawn Location: 1:00

mnepovezlo - Winner!

  • Race: Terran Terran
  • League: Diamond
  • Spawn Location: 7:00

VOD

Have the link to the VOD?

Description

Time

  • Played on: Jan. 15, 2021, 11:33 p.m.
  • Length: 15:22
Show
View Real Time Build Order
Export as new Build Order

MarcoMan Protoss 

Build Orders: 1 Gate Expand, Blink Stalkers 

Get SALT Encoding   

  12  0:00  Probe  
  13  0:12  Probe  
  14  0:19  Pylon  
  14  0:25  Probe (Chrono Boost)  
  15  0:38  Gateway  
  15  0:39  Probe (Chrono Boost)  
  16  0:45  Probe (Chrono Boost)  
  16  0:49  Assimilator  
  17  0:53  Probe  
  18  1:05  Probe  
  19  1:17  Probe  
  20  1:25  Cybernetics Core  
  20  1:38  Nexus  
  20  1:47  Pylon  
  20  1:50  Probe  
  21  2:00  Assimilator  
  21  2:02  Adept (Chrono Boost), Probe (Chrono Boost)  
  24  2:08  Warp Gate  
  24  2:14  Probe (Chrono Boost)  
  26  2:23  Probe (Chrono Boost)  
  26  2:27  Stalker  
  26  2:29  Probe  
  29  2:41  Probe  
  30  2:49  Twilight Council  
  30  2:52  Probe  
  30  2:53  Probe  
  32  3:02  Sentry  
  34  3:08  Gateway  
  34  3:13  Gateway  
  34  3:15  Probe  
  34  3:17  Probe  
  34  3:18  Blink (Chrono Boost)  
  36  3:46  Probe  
  36  3:47  Probe  
  36  3:55  Robotics Facility  
  36  3:59  Probe (Chrono Boost)  
  36  4:03  Probe (Chrono Boost)  
  37  4:10  Probe (Chrono Boost)  
  37  4:13  Probe (Chrono Boost)  
  37  4:14  Probe (Chrono Boost)  
  39  4:22  Stalker x3  
  39  4:23  Probe  
  46  4:26  Pylon  
  46  4:44  Probe x2  
  48  4:47  Nexus  
  48  4:49  Stalker  
  48  4:50  Stalker  
  52  4:55  Observer  
  52  4:56  Probe  
  54  5:00  Pylon  
  54  5:04  Assimilator  
  54  5:08  Assimilator  
  54  5:16  Pylon  
  54  5:18  Observer, Probe x2  
  54  5:20  Forge  
  57  5:21  Gateway  
  57  5:30  Stalker, Probe x2  
  61  5:42  Probe x2  
  61  5:43  Stalker  
  61  5:44  Stalker  
  62  6:00  Protoss Ground Armor Level 1 (Chrono Boost)  
  62  6:11  Pylon  
  62  6:17  Photon Cannon, Nexus  
  62  6:18  Pylon  
  62  6:20  Pylon  
  62  6:26  Probe x2  
  62  6:28  Warp Prism  
  64  6:38  Probe x2  
  60  6:49  Stalker x4  
  60  6:50  Probe x2  
  60  6:51  Photon Cannon  
  60  6:52  Charge (Chrono Boost)  
  60  6:53  Shield Battery  
  70  7:03  Probe x2  
  72  7:10  Gateway  
  72  7:12  Stalker, Gateway  
  72  7:15  Probe x2  
  76  7:20  Photon Cannon  
  76  7:27  Probe x2  
  78  7:30  Forge  
  78  7:35  Templar Archives  
  78  7:39  Probe x2  
  78  7:40  Probe  
  81  7:47  Observer (Chrono Boost)  
  81  7:51  Probe x2  
  84  7:53  Gateway  
  84  7:54  Forge  
  84  7:56  Stalker x2, Gateway  
  88  7:59  Protoss Ground Armor Level 2 (Chrono Boost)  
  88  8:00  Observer (Chrono Boost)  
  89  8:05  Assimilator  
  89  8:10  Assimilator  
  89  8:18  Photon Cannon  
  89  8:19  Pylon  
  89  8:26  Stalker x3  
  95  8:29  Protoss Ground Weapons Level 1 (Chrono Boost)  
  91  8:50  Nexus  
  91  8:54  Pylon  
  91  8:55  Pylon  
  91  8:59  Zealot x3  
  91  9:00  Zealot x5  
  91  9:20  Probe x2  
  91  9:23  Probe  
  92  9:26  Photon Cannon  
  92  9:27  Protoss Shields Level 1  
  92  9:28  Photon Cannon  
  89  9:31  Stalker x3  
  89  9:32  Probe x2  
  89  9:35  Probe  
  96  9:48  Stalker x2  
  87  10:02  Probe  
  87  10:05  Stalker x3  
  91  10:25  Immortal  
  95  10:33  Pylon  
  95  10:44  Nexus  
  95  10:48  Pylon, Probe  
  95  10:49  Probe x2  
  98  10:50  Pylon  
  98  11:01  Probe x3  
  100  11:05  Protoss Ground Weapons Level 2  
  100  11:08  High Templar x2  
  100  11:09  High Templar x3  
  110  11:13  Archon x2, Probe x3  
  110  11:18  Assimilator  
  113  11:19  Zealot  
  113  11:20  Zealot x2  
  113  11:23  Assimilator  
  113  11:25  Probe x3  
  109  11:40  Stalker  
  109  11:41  Stalker  
  109  11:42  Probe x2  
  109  11:43  Probe  
  102  11:54  Stalker x2, Probe  
  102  11:55  Stalker  
  102  11:56  Probe x2  
  102  11:57  Probe  
  102  11:59  Stalker  
  114  12:03  Stalker  
  114  12:06  Stalker  
  116  12:19  Zealot x3  
  120  12:27  Zealot  
  120  12:28  Zealot x3  
  110  12:52  Stalker x3  
  110  12:54  Probe  
  110  12:58  Probe  
  116  13:01  Probe x2  
  118  13:08  Nexus  
  118  13:10  Pylon  
  118  13:12  Pylon  
  107  13:27  Stalker  
  107  13:28  Stalker x2  
  107  13:31  Stalker x2  
  117  13:37  Zealot x2  
  117  13:40  Photon Cannon  
  121  13:44  Photon Cannon  
  121  13:45  Probe x2  
  121  13:46  Photon Cannon  
  117  13:50  Photon Cannon  
  117  13:53  Stalker x2  
  117  13:55  Zealot x3  
  111  14:03  Zealot x3  
  97  14:18  Zealot x4  
  97  14:19  Zealot  
  107  14:24  Zealot x3  
  107  14:31  Stargate  
  113  14:33  Stargate  
  113  14:34  Probe x3  
  113  14:35  Probe  
  117  14:40  Zealot  
  117  14:41  Zealot x4  
  127  14:46  Probe x3  
  127  14:47  Probe  
  131  14:58  Probe  
  118  15:09  Nexus  
  118  15:10  Pylon  
Show
View Real Time Build Order
Export as new Build Order

mnepovezlo Terran - Winner!

Build Orders: 2 Factory, Reaper Expand, Mech 

Get SALT Encoding   

  12  0:00  SCV  
  13  0:12  SCV  
  14  0:18  Supply Depot  
  14  0:24  SCV  
  15  0:40  SCV  
  15  0:41  Barracks  
  16  0:46  Refinery  
  16  0:52  SCV  
  17  1:04  SCV  
  18  1:16  SCV  
  19  1:28  Orbital Command  
  19  1:29  Reaper  
  20  1:46  Command Center  
  20  1:56  SCV  
  21  2:04  Supply Depot  
  21  2:08  SCV  
  22  2:12  Refinery, Marine  
  23  2:23  Factory  
  23  2:26  SCV  
  24  2:31  Barracks Tech Lab  
  24  2:38  SCV  
  25  2:50  SCV  
  26  2:59  Orbital Command  
  26  3:02  Supply Depot, SCV  
  27  3:17  Factory, Cyclone  
  27  3:18  Barracks Tech Lab  
  30  3:21  SCV  
  30  3:22  Refinery  
  30  3:25  SCV  
  32  3:33  SCV  
  33  3:37  SCV  
  33  3:45  SCV  
  34  3:54  SCV  
  34  3:57  SCV  
  34  4:00  Cyclone  
  38  4:06  SCV  
  38  4:09  SCV  
  40  4:14  Engineering Bay, Cyclone  
  43  4:18  SCV  
  43  4:21  Supply Depot, SCV  
  43  4:22  Refinery  
  45  4:27  Mag-Field Accelerator, Bunker  
  45  4:30  SCV  
  46  4:32  Cyclone  
  46  4:34  SCV  
  50  4:40  Barracks Reactor  
  50  4:42  Factory, SCV  
  51  4:46  SCV  
  51  4:48  Missile Turret  
  52  4:54  Cyclone, SCV  
  52  4:58  SCV  
  57  5:06  SCV  
  58  5:10  SCV  
  59  5:16  Supply Depot  
  59  5:17  Supply Depot  
  59  5:18  SCV  
  60  5:22  SCV  
  60  5:24  Armory  
  61  5:31  SCV  
  61  5:34  SCV  
  61  5:35  Supply Depot  
  60  5:49  Cyclone  
  66  5:50  Cyclone  
  66  5:54  Factory  
  60  6:02  Marine  
  55  6:05  Widow Mine x2  
  55  6:07  SCV x2  
  61  6:19  Factory  
  61  6:20  Marine  
  61  6:24  Command Center  
  56  6:38  Marine  
  50  6:45  SCV x2  
  50  6:46  Cyclone x2  
  58  6:47  Widow Mine  
  58  6:48  Widow Mine  
  58  6:53  Widow Mine  
  64  6:55  Marine  
  64  6:57  SCV x2  
  64  7:01  Starport  
  67  7:05  Factory Tech Lab  
  67  7:06  Bunker  
  67  7:17  Factory Tech Lab  
  67  7:19  Hellion x2  
  71  7:24  SCV x2  
  71  7:26  Terran Vehicle And Ship Armor Level 1  
  71  7:29  Supply Depot  
  73  7:35  Siege Tank  
  76  7:38  Siege Tank  
  76  7:39  Cyclone  
  82  7:46  Supply Depot  
  82  7:50  Orbital Command  
  82  7:53  Missile Turret  
  82  7:54  Liberator  
  82  7:57  Missile Turret  
  85  8:01  Factory  
  85  8:02  Cyclone, Hellion x2  
  92  8:07  Cyclone  
  92  8:10  Hellion  
  97  8:14  Missile Turret  
  97  8:28  Cyclone  
  97  8:29  Hellion x2  
  97  8:31  Cyclone  
  105  8:48  Factory Reactor  
  105  9:01  Armory  
  105  9:05  Siege Tank  
  105  9:06  Siege Tank  
  105  9:17  Refinery x2  
  105  9:20  Terran Vehicle Weapons Level 1  
  105  9:22  Liberator, SCV  
  108  9:37  Orbital Command  
  108  9:47  Cyclone x2  
  108  9:48  Cyclone  
  108  9:50  Refinery  
  117  9:54  Hellion  
  117  9:55  Hellion  
  112  10:14  Cyclone  
  112  10:15  Hellion  
  117  10:25  Cyclone x2, Hellion  
  125  10:28  SCV  
  125  10:29  SCV  
  125  10:33  Refinery  
  127  10:38  SCV  
  127  10:40  SCV  
  129  10:48  Terran Vehicle And Ship Armor Level 2  
  129  10:57  Missile Turret  
  129  10:58  Command Center  
  129  11:02  Sensor Tower  
  129  11:03  Cyclone  
  132  11:08  Supply Depot x2  
  132  11:21  SCV  
  133  11:28  Command Center  
  133  11:29  SCV x2  
  133  11:30  Cyclone x2, Hellion x3  
  147  11:50  Cyclone  
  147  11:53  Cyclone  
  143  11:54  Hellion x2  
  143  11:55  Hellion  
  149  12:10  Cyclone x2  
  149  12:15  SCV  
  153  12:25  Infernal Pre-Igniter, Widow Mine x3  
  153  12:26  Drilling Claws  
  153  12:27  SCV  
  160  12:33  Orbital Command  
  153  12:47  Cyclone x2  
  153  12:48  Cyclone x2, Hellion x2  
  153  12:49  Hellion  
  153  12:50  Orbital Command  
  159  13:16  Hellion x2  
  163  13:21  Siege Tank  
  163  13:22  Siege Tank  
  164  13:29  Command Center  
  164  13:36  Supply Depot  
  164  13:37  Supply Depot  
  164  13:40  Supply Depot  
  164  13:58  Widow Mine x2, Siege Tank  
  164  13:59  Widow Mine x2, Siege Tank  
  178  14:08  Orbital Command  
  175  14:10  Widow Mine x2  
  177  14:20  Widow Mine x3  
  181  14:30  Siege Tank  
  181  14:31  Siege Tank  
  187  14:38  Supply Depot  
  187  14:39  Starport Reactor, Siege Tank  
  187  14:42  Factory  
  190  14:50  Missile Turret  
  190  14:56  SCV x3  
  187  15:01  Refinery  
  187  15:05  Refinery  
  169  15:08  SCV  
Tags
 
Add a new tag
Caveats
  • Supply blocks, unpowered buildings, or Contaminate may cause inaccurate times.
  • Supply counts are checked every 10 seconds.